 Dungeon Crawl Stone Soup version 0.31.0-32-g396128a36d (webtiles) character file.

Game seed: 18055603590058369600

84 cdecastro the Grave Robber (level 4, 0/30 HPs)
             Began as a Human Necromancer on Mar 16, 2024.
             Slain by an orc wizard
             ... wielding a +0 dagger
              (2 damage)
             ... on level 3 of the Dungeon on Mar 18, 2024.
             The game lasted 00:04:26 (2155 turns).

cdecastro the Grave Robber (Human Necromancer)      Turns: 2155, Time: 00:04:27

Health: 0/30       AC:  2    Str:  9    XL:     4   Next: 46%
Magic:  7/7        EV: 12    Int: 17    God:
Gold:   81         SH:  0    Dex: 13    Spells: 6/7 levels left

rFire   . . .        b - +0 arbalest
rCold   . . .        (shield currently unavailable)
rNeg    . . .        d - +0 robe
rPois   .            (no helmet)
rElec   .            (no cloak)
rCorr   .            (no gloves)
SInv    .            (no boots)
Will    .....        (no amulet)
Stlth   ++           (no ring)
HPRegen 0.25/turn    (no ring)
MPRegen 0.10/turn

%: no passive effects
@: no status effects
A: explore regen
a: no special abilities


You were on level 3 of the Dungeon.
You visited 1 branch of the dungeon, and saw 3 of its levels.

You collected 81 gold pieces.

Inventory:

Hand Weapons
 a - the +0 hammer "Fokhil" {elec, Int+4}
   (You found it on level 2 of the Dungeon)

   Int+4:     It affects your intelligence (+4).
 b - a +0 arbalest (weapon)
 p - a +0 short sword
 q - a +0 orcbow
Armour
 d - a +0 robe (worn)
Jewellery
 f - an amulet of faith
Talismans
 h - a blade talisman
Scrolls
 c - a scroll of acquirement {unknown}
 i - a scroll of enchant armour {unknown}
 k - a scroll of teleportation {unknown}
 m - 3 scrolls of identify {unknown}
 o - a scroll of blinking {unknown}
 r - a scroll of revelation {unknown}
 s - a scroll of poison {unknown}
Potions
 e - a potion of haste {unknown}
 g - 2 potions of curing {unknown}
 j - 3 potions of heal wounds {unknown}
 l - a potion of might {unknown}


   Skills:
 - Level 2.0 Dodging
 - Level 2.0 Stealth
 - Level 2.0 Spellcasting
 + Level 5.8 Necromancy


You had 6 spell levels left.
You knew the following spells:

 Your Spells              Type           Power      Damage    Failure   Level
a - Necrotise             Necr           84%        1d8       1%          1

Your spell library contained the following spells:

 Spells                   Type           Power      Damage    Failure   Level
 Vampiric Draining        Necr           21%        2d7       5%          3
 Animate Dead             Necr           21%        N/A       19%         4
 Curse of Agony           Necr           21%        N/A       45%         5


Dungeon Overview and Level Annotations

Branches:
Dungeon (3/15)

Altars:
Vehumet

Shops:
D:1 [

Annotations:
D:2 1 runed translucent door, Crazy Yiuf


Innate Abilities, Weirdness & Mutations

You regain HP and MP as you explore.


Message History

You shoot a bolt. The bolt closely misses the orc priest.
The bolt closely misses the orc wizard.
The bolt closely misses the orc.
The orc priest hits you with a +0 mace!
* * * LOW HITPOINT WARNING * * *
The orc priest misses you.
Your magical contamination has completely faded away.
Unknown command.
Unknown command.
Fire: b) +0 arbalest
Press: ? - help, Q - select action, (/) - cycle Shift-Dir - straight line, f/p - orc priest
Aim: an orc priest, wielding a +0 mace (severely wounded, 47% to hit)
You shoot a bolt. The bolt hits the orc priest.
You kill the orc priest!
The orc wizard completely misses you.
You have reached level 4!
You feel stronger.
Unknown command.
Casting: Necrotise (safe; 1% risk of failure)
Confirm with . or Enter, or press ? or * to list all spells.
Aiming: Necrotise (safe; 1% risk of failure)
Press: ? - help, Shift-Dir - straight line, f - orc wizard
Aim: an orc wizard, wielding a +0 dagger and wearing a +0 robe (chance to affect: 80%)
The orc wizard writhes in agony.
The orc wizard hits you with a +0 dagger.
* * * LOW HITPOINT WARNING * * *
Unknown command.
Casting: Necrotise (safe; 1% risk of failure)
Confirm with . or Enter, or press ? or * to list all spells.
Aiming: Necrotise (safe; 1% risk of failure)
Press: ? - help, Shift-Dir - straight line, f/p - orc wizard
Aim: an orc wizard, wielding a +0 dagger and wearing a +0 robe (lightly wounded, chance to affect: 80%)
The orc wizard writhes in agony.
The orc wizard hits you with a +0 dagger.
* * * LOW HITPOINT WARNING * * *
Unknown command.
Unknown command.
Magic courses through your body.
The orc wizard hits you with a +0 dagger.
You die...

.... #.#
#########...###
..## #. ##.##
..# #.# ..# #.#
#.#
###########.#
..
#...........# #
. #.###########
....#####.#
.....oo@..#
....####### .


You could see an orc wizard and an orc.

Vanquished Creatures
  An orc priest (D:3)
  2 adders (D:3)
  A dart slug (D:2)
  3 orcs
  4 endoplasms
  4 goblins
  3 hobgoblins
  3 kobolds
  4 ball pythons
  A bat (D:1)
  A frilled lizard (D:1)
  5 rats
32 creatures vanquished.

Vanquished Creatures (collateral kills)
  2 rats
2 creatures vanquished.

Grand Total: 34 creatures vanquished

Notes
Turn   | Place    | Note
-------+----------+-------------------------------------------
     0 | D:1      | cdecastro the Human Necromancer began the quest for the
                  | Orb.
     0 | D:1      | Reached XP level 1. HP: 13/13 MP: 3/3
    17 | D:1      | You fall into a shaft and drop 1 floor!
   154 | D:1      | Found Ceudduoj's Antique Armour Boutique.
   315 | D:1      | Reached XP level 2. HP: 10/19 MP: 5/5
  1281 | D:2      | Reached XP level 3. HP: 24/24 MP: 6/6
  1597 | D:2      | Found a runed translucent door.
  1597 | D:2      | Identified the +0 hammer "Fokhil" {elec, Int+4}
  1598 | D:2      | Noticed Crazy Yiuf
  1812 | D:3      | Reached skill level 5 in Necromancy
  2026 | D:3      | Found a radiant altar of Vehumet.
  2153 | D:3      | Reached XP level 4. HP: 6/30 MP: 2/7
  2154 | D:3      | HP: 1/30 [orc wizard/+0 dagger (2)]
  2155 | D:3      | Slain by an orc wizard

Illustrated notes

Levels and vault maps discovered:
D:1:      hellmonk_arrival_library, layout_rooms, serial_shops, shop
D:2:      layout_loops_corners, uniq_crazy_yiuf_cottage
D:3:      layout_loops_ring, makhleb_altar_promises_db,
          mainiacjoe_overflow_alcove_2

Skill      XL: |  1  2  3 |
---------------+----------+-----
Necromancy     | 5 |  5.8
Dodging        | |  2.0
Stealth        | |  2.0
Spellcasting   | |  2.0

Action                     |  1- 3 |  4- 6 || total
---------------------------+-------+-------++-------
  Melee: Short sword       |    29 |       ||    29
         Unarmed           |     2 |       ||     2
   Fire: Orcbow            |    17 |       ||    17
         Arbalest          |    15 |       ||    15
   Cast: Necrotise         |    22 |     2 ||    24
    Use: Potion            |       |     1 ||     1
   Stab: Sleeping          |     3 |       ||     3
 Armour: Robe              |    24 |     3 ||    27
  Dodge: Dodged            |    34 |       ||    34
